AoeStats
← Ares

Arabian Desert

510723289Analyzed
1v1 RM · 7h ago on Oct 2, 2026· 48m 51s· 2 players
Game mode
Random Map
Map size
Tiny (2 player)
Population
200
Speed
Normal
Resources
Standard
Victory
Conquest
Starting age
Dark Age
Ending age
Imperial Age
RankedLock teamsTeams togetherTeam positionsShared explorationLock speedFull tech treeHidden civsTurbo modeCheats
Victory
Defeat
🇹🇼 Romans · Taiwan
1126
+17
🇬🇧 Romans · United Kingdom
1144
-17
ryanlee0512
6:53 Loom
9:58 Feudal Age
10:54 Double-Bit Axe
14:24 Man-at-Arms
16:55 Fletching
17:27 Scale Mail Armor
19:30 Forging
22:23 Castle Age
21:16 Horse Collar
22:41 Padded Archer Armor
22:39 Crossbowman
23:22 Bodkin Arrow
24:04 Chain Mail Armor
24:28 Long Swordsman
25:09 Squires
29:27 Iron Casting
31:28 Leather Archer Armor
34:35 Wheelbarrow
37:39 Imperial Age
34:56 Town Watch
36:36 Leather Archer Armor
36:38 Hand Cart
36:38 Gold Mining
36:39 Stone Mining
37:27 Bow Saw
38:47 Legionary
40:53 Blast Furnace
43:43 Capped Ram
47:00 Chemistry
47:59 Conscription
Ares
1:21 Loom
9:34 Feudal Age
10:10 Double-Bit Axe
11:43 Man-at-Arms
15:35 Wheelbarrow
15:55 Scale Mail Armor
16:54 Horse Collar
19:00 Forging
25:23 Castle Age
23:10 Town Watch
23:35 Gold Mining
24:02 Fletching
26:07 Squires
25:27 Long Swordsman
26:34 Chain Mail Armor
32:42 Iron Casting
36:58 Bodkin Arrow
47:47 Imperial Age
49:31 Blast Furnace
48:01 Legionary
Connection lost

Rejoining the realm…

Still unreachable

The connection could not be restored.

Session expired

The server has moved on; the page needs a fresh start.